 Dungeon Crawl Stone Soup version 0.22-a0-3-g4fa69d9 (webtiles) character file.

508 heyjames4 the Cudgeler (level 6, -2/56 HPs)
             Began as a Minotaur Berserker on Jan 1, 2018.
             Was a Believer of Trog.
             Slain by a wight
             ... wielding a cursed +4 halberd
              (16 damage)
             ... on level 4 of the Dungeon.
             The game lasted 00:23:17 (4697 turns).

heyjames4 the Cudgeler (Minotaur Berserker)         Turns: 4697, Time: 00:23:17

Health: -2/56      AC:  9    Str: 22    XL:     6   Next: 98%
Magic:  5/5        EV:  9    Int:  4    God:    Trog [**....]
Gold:   165        SH:  0    Dex: 11    Spells: 5/5 levels left

rFire    . . .     SeeInvis .   g - +2 hand axe (chop)
rCold    . . .     Gourm    .   (no shield)
rNeg     . . .     Faith    .   j - +0 chain mail
rPois    .         Spirit   .   (helmet restricted)
rElec    .         Reflect  .   (no cloak)
rCorr    .         Harm     .   V - +0 pair of gloves
MR       .....                  (no boots)
Stlth    ..........             C - amulet of rage
HPRegen  0.18/turn              d - ring of loudness (curse)
MPRegen  0.09/turn              (no ring)

@: drained
A: retaliatory headbutt, horns 2
a: Berserk, Trog's Hand, Burn Spellbooks, Renounce Religion, Evoke Berserk Rage


You were on level 4 of the Dungeon.
You worshipped Trog.
Trog was pleased with you.
You were near starving.

You visited 1 branch of the dungeon, and saw 4 of its levels.

You collected 165 gold pieces.

Inventory:

Hand Weapons
 a - a +0 mace
 b - a +0 hand axe
 c - a +0 short sword
 e - a +0 short sword
 g - a +2 hand axe of chopping (weapon)
 h - a +0 hunting sling
 i - a +0 whip
 n - a +0 dagger
 t - a +0 hand axe
 u - a +0 falchion
 P - a cursed -1 trident
Missiles
 k - 10 arrows
 z - 12 poisoned needles
 M - 68 sling bullets
Armour
 f - a +0 ring mail
 j - a +0 chain mail (worn)
 K - a +0 leather armour
 V - a +0 pair of gloves (worn)
 Z - a +0 leather armour
Jewellery
 d - a cursed ring of loudness (left hand)
 C - an amulet of rage (around neck)
Scrolls
 v - a scroll of teleportation
 A - 2 scrolls of immolation
 F - 5 scrolls of identify
Potions
 w - a potion of lignification {unknown}
 Q - a potion of cancellation {unknown}
 T - a potion of degeneration {unknown}
Comestibles
 S - 2 rations


   Skills:
 + Level 5.2(4.2) Fighting
 + Level 3.7(4.0) Axes
 + Level 5.2(4.7) Maces & Flails
 + Level 3.3(2.3) Armour
 + Level 4.3(3.2) Dodging
 + Level 2.0(1.0) Stealth


You had 5 spell levels left.
You didn't know any spells.

Dungeon Overview and Level Annotations

Branches:
Dungeon (4/15)
 Temple: D:4-7

Altars:
Cheibriados
Kikubaaqudgha
Qazlal


Innate Abilities, Weirdness & Mutations

You reflexively headbutt those who attack you in melee.
You have a pair of horns on your head.


Message History

The wight hits you with an enchanted halberd.
You feel drained.
Your chain mail prevents you from hitting the wight.
You headbutt the wight, but do no damage.
The wight is almost destroyed.
You hit the wight but do no damage.
The wight hits you with an enchanted halberd!
You feel drained. The wight hits you with a battleaxe!
Your chain mail prevents you from hitting the wight.
You headbutt the wight.
You destroy the wight!
Trog accepts your kill.
You hit the wight.
The wight hits you with an enchanted halberd.
* * * LOW HITPOINT WARNING * * *
You feel drained.
You hit the wight. You headbutt the wight.
The wight is almost destroyed.
The wight hits you with an enchanted halberd!
You die...

#.......# #.......#
#.......# #.......#
##.###...# ##..# ##..#
####..## #..# ###....##
#..# #.....## ##@#
#.≈≈≈.# #.)z......
###)≈$≈.######..........
#...≈≈≈........##.#.####
........####### .#.#
###..##.# [. . #.....#
## . ####### ..


You could see a wight.

Vanquished Creatures
  An ogre (D:4)
  2 scorpions (D:4)
  A wight (D:4)
  A quasit (D:4)
  An orc priest (D:4)
  An orc wizard (D:4)
  A bullfrog skeleton (D:3)
  An iguana (D:4)
  A hound skeleton (D:4)
  5 adders
  3 oozes
  A worm (D:2)
  A dart slug (D:3)
  5 leopard geckos
  5 orcs (D:4)
  5 bats
  3 giant cockroaches
  6 goblins
  10 hobgoblins
  2 jackals (D:3)
  4 kobolds
  A quokka (D:4)
  5 frilled lizards
  A quokka skeleton (D:4)
  4 rats
  A withered plant (D:2)
72 creatures vanquished.

Notes
Turn   | Place    | Note
-------+----------+-------------------------------------------
     0 | D:1      | heyjames4 the Minotaur Berserker began the quest for the Orb.
     0 | D:1      | Reached XP level 1. HP: 19/19 MP: 0/0
   424 | D:1      | Reached XP level 2. HP: 22/27 MP: 1/1
  1124 | D:2      | Reached XP level 3. HP: 16/33 MP: 2/2
  1365 | D:2      | Noticed an earth elemental
  1469 | D:2      | Found a stormy altar of Qazlal.
  1471 | D:2      | Noticed a water elemental
  1472 | D:2      | Noticed a fire elemental
  1472 | D:2      | Noticed an air elemental
  2027 | D:2      | Found a snail-covered altar of Cheibriados.
  2038 | D:2      | Reached ** piety under Trog
  2236 | D:2      | Reached XP level 4. HP: 26/40 MP: 3/3
  2257 | D:2      | Found an ancient bone altar of Kikubaaqudgha.
  2279 | D:2      | Reached skill level 1 in Stealth
  3161 | D:3      | Reached skill level 1 in Axes
  3161 | D:3      | Reached XP level 5. HP: 46/47 MP: 4/4
  3358 | D:4      | Noticed an ogre
  3367 | D:4      | Killed an ogre
  3367 | D:4      | Reached skill level 5 in Maces & Flails
  3907 | D:4      | Reached XP level 6. HP: 17/55 MP: 5/5
  3994 | D:4      | Reached skill level 5 in Fighting
  4697 | D:4      | Slain by a wight

Vault maps used:
D:1:      dpeg_arrival_lava_temple_mockup
D:2:      lemuel_round_altar, nicolae_qazlal_style_of_elements,
          kiku_gazebo_garden_becter
D:4:      serial_bayou_ford_a, corexii_item_surrounded_by_moat

Skill      XL: |  1  2  3  4  5  6 |
---------------+-------------------+-----
Maces & Flails | 4 5 |  5.2
Fighting       | 4 5 |  5.2
Dodging        | 3 4 |  4.3
Stealth        | 1 2 |  2.0
Axes           | 1 2 3 |  3.7
Armour         | 3 |  3.3

Action                   |  1- 3 |  4- 6 || total
-------------------------+-------+-------++-------
Melee: Mace              |    58 |       ||    58
       Headbutt          |     8 |    28 ||    36
       Hand axe          |    26 |   124 ||   150
  Use: Scroll            |     2 |     5 ||     7
       Potion            |     3 |     1 ||     4
 Stab: Sleeping          |     1 |       ||     1
  Eat: Ration            |     2 |     1 ||     3
Armor: Animal skin       |    16 |       ||    16
       Leather armour    |       |    22 ||    22
       Ring mail         |       |     4 ||     4
       Chain mail        |       |     3 ||     3
Dodge: Dodged            |    54 |    73 ||   127

Table legend:
 A = Spawn XP
 B = Non-spawn XP
 C = Spawn XP percentage of total XP
 D = Spawn monster count
 E = Non-spawn monster count
 F = Spawn count percentage of total count
 G = Total turns spent on level
                    A         B        C        D         E        F      G
               +---------+---------+-------+---------+---------+-------+---------
         Total |       0 |     727 |   0.0 |       0 |      71 |   0.0 |  4697
               +---------+---------+-------+---------+---------+-------+---------
           D:1 |       0 |      31 |   0.0 |       0 |      18 |   0.0 |  1228
           D:2 |       0 |      95 |   0.0 |       0 |      21 |   0.0 |  1562
           D:3 |       0 |      72 |   0.0 |       0 |      13 |   0.0 |   863
           D:4 |       0 |     529 |   0.0 |       0 |      19 |   0.0 |  1044
               +---------+---------+-------+---------+---------+-------+---------
